 Dungeon Crawl Stone Soup version 0.30-a0-371-gad7725a93e (webtiles) character file.

Game seed: 1051141909650237684

707 jfcaron the Conjurer (level 7, 0/70 HPs)
             Began as an Ogre Reaver on Nov 21, 2022.
             Was an Initiate of Vehumet.
             Slain by a gargoyle
             ... wielding a +0 flail
              (5 damage)
             ... on level 6 of the Dungeon.
             The game lasted 00:21:10 (6384 turns).

jfcaron the Conjurer (Ogre Reaver)                  Turns: 6384, Time: 00:21:11

Health: 0/70       AC:  7    Str: 17    XL:     7   Next: 67%
Magic:  11/12      EV: 10    Int: 16    God:    Vehumet [......]
Gold:   229        SH:  0    Dex:  7    Spells: 0/12 levels left

rFire   . . .      SeeInvis .    y - +7 spear
rCold   . . .      Faith    .    (no shield)
rNeg    . . .      Spirit   .    b - +1 robe
rPois   .          Reflect  .    (helmet restricted)
rElec   .          Harm     .    z - +2 cloak {Will+}
rCorr   .          Rampage  .    (gloves unavailable)
Will    +....                    (boots unavailable)
Stlth   +.........               n - amulet of magic regeneration
HPRegen 0.31/turn                (no ring)
MPRegen 0.53/turn                (no ring)

@: immotile
A: large, unfitting armour, tough skin 1
a: Renounce Religion


You were on level 6 of the Dungeon.
You worshipped Vehumet.
Vehumet was noncommittal.
You visited 2 branches of the dungeon, and saw 7 of its levels.

You collected 229 gold pieces.

Inventory:

Hand Weapons
 a - a +0 spear
 p - a +1 hand axe of electrocution
 s - a +1 dagger of flaming
 y - a +7 spear (weapon)
Missiles
 k - 33 stones
 m - 2 poisoned darts
 o - a throwing net {!f}
 u - 2 curare-tipped darts {!f}
 v - a large rock
Armour
 b - a +1 robe (worn)
 z - a +2 cloak of willpower (worn)
Jewellery
 j - a ring of fire
 n - an amulet of magic regeneration (around neck)
 x - an amulet of faith
Scrolls
 c - a scroll of vulnerability
 d - 2 scrolls of teleportation
 i - a scroll of fog {unknown}
 q - a scroll of noise {unknown}
 r - a scroll of poison {unknown}
 w - a scroll of identify
Potions
 e - a potion of might
 f - 2 potions of lignification
 l - 2 potions of haste
 t - a potion of invisibility {unknown}


   Skills:
 - Level 4.0 Fighting
 - Level 4.0 Polearms
 - Level 3.0 Dodging
 + Level 3.3 Spellcasting
 * Level 4.5 Conjurations
 - Level 2.0 Necromancy
 - Level 1.0 Translocations
 * Level 2.8 Ice Magic
 + Level 1.6 Air Magic


You couldn't memorise any spells.
You knew the following spells:

 Your Spells              Type           Power      Damage    Failure   Level
a - Kiss of Death         Conj/Necr      52%        2d9       4%          1
b - Momentum Strike       Conj/Tloc      22%        3d8       9%          2
c - Hailstorm             Conj/Ice       14%        3d5       12%         3
d - Freezing Cloud        Conj/Ice/Air   6%         6-21      82%         5
e - Magic Dart            Conj           68%        1d6       2%          1

Your spell library contained the following spells:

 Spells                   Type           Power      Damage    Failure   Level
 Ensorcelled Hibernation  Hex/Ice        14%        N/A       16%         2
 Mephitic Cloud           Conj/Pois/Air  9%         N/A       22%         3
 Call Imp                 Summ           2%         N/A       26%         2
 Kindle Blastsparks       Fire/Tloc/Air  10%        2d10      36%         3
 Ignite Poison            Fire/Tmut/Pois 2%         N/A       47%         3
 Spider Form              Tmut/Pois      2%         N/A       47%         3
 Anguish                  Hex/Necr       2%         N/A       75%         4


Dungeon Overview and Level Annotations

Branches:
Dungeon (6/15)             Temple (1/1) D:4

Altars:
Dithmenos
Elyvilon
Fedhas
Kikubaaqudgha
Makhleb
Nemelex Xobeh
Ru
Sif Muna
Trog
Uskayaw
Vehumet
Wu Jian
Xom
Yredelemnul
Zin


Innate Abilities, Weirdness & Mutations

You are too large for most types of armour.
You have tough skin. (AC +1)


Message History

* * * LOW HITPOINT WARNING * * *
You are too injured to fight recklessly!
You are too injured to fight recklessly!
Casting: Momentum Strike (safe; 9% risk of failure)
Confirm with . or Enter, or press ? or * to list all spells.
Okay, then.
Unknown command.
You aren't carrying any items that you can evoke.
You feel much better. The gargoyle closely misses you.
Unknown command.
Unknown command.
Unknown command.
Casting: Momentum Strike (safe; 9% risk of failure)
Confirm with . or Enter, or press ? or * to list all spells.
The spell is extremely dangerous to miscast (82% risk of failure)!
Continue anyway?
Aiming: Freezing Cloud (extremely dangerous; 82% risk of failure)
Press: ? - help, Dir - move target, p - gargoyle
Okay, then.
You cannot move.
You hit the gargoyle but do no damage.
The gargoyle is moderately damaged.
You are no longer robbed of momentum.
The gargoyle hits you with a +0 flail!!
You hit the gargoyle.
The gargoyle is heavily damaged.
Casting: Freezing Cloud (extremely dangerous; 82% risk of failure)
Confirm with . or Enter, or press ? or * to list all spells.
Aiming: Momentum Strike (safe; 9% risk of failure)
Press: ? - help, Dir - move target, f/p - gargoyle
Aim: a gargoyle, wielding a +0 flail (heavily damaged, 85% to hit)
The concentrated momentum hits the gargoyle.
You are unable to move.
The gargoyle hurls a stone arrow at you.
The stone arrow hits you!!
* * * LOW HITPOINT WARNING * * *
Okay, then.
As you read the scroll labelled JOK MIOWUKIB, it crumbles to dust.
It is a scroll of enchant armour.
Your +0 robe glows green for a moment.
The gargoyle hits you with a +0 flail.
You die...

...# #.(..## ..#
#.#.## ..#
#.#... # ..#
#.##...# .. #.#
#9# #..# #. #.#
#.# #...
#.#####.# #.#
####
.###.......###.#
...........[@9.#
#...#....######
.#.....#..#
..........#
##.#.##.#.# #
#.##.#.# .
#......# .##.#
###...## #..#.#
#...# #.....


You could see a gargoyle.

Vanquished Creatures
  A cyclops (D:6)
  A black bear (D:5)
  2 necrophages
  4 scorpions
  4 wights (D:6)
  A jelly (D:5)
  Crazy Yiuf (D:5)
  3 hounds
  Natasha (D:1)
  3 iguanas
  4 adders
  4 gnolls
  An ufetubus (D:4)
  3 worms
  3 dart slugs
  5 orcs
  9 endoplasms
  3 giant cockroaches
  7 goblins
  12 hobgoblins
  2 kobolds
  3 quokkas
  9 ball pythons
  5 bats
  3 frilled lizards
  5 rats
99 creatures vanquished.

Notes
Turn   | Place    | Note
-------+----------+-------------------------------------------
     0 | D:1      | jfcaron the Ogre Reaver began the quest for the Orb.
     0 | D:1      | Reached XP level 1. HP: 22/22 MP: 3/3
   289 | D:1      | Reached XP level 2. HP: 28/29 MP: 5/5
   618 | D:2      | Noticed Natasha
   620 | D:2      | Noticed a crimson imp
   649 | D:1      | HP: 1/31 [Natasha/magic dart (7)]
   650 | D:1      | Killed Natasha
   651 | D:1      | Reached skill level 1 in Necromancy
   651 | D:1      | Reached XP level 3. HP: 1/37 MP: 5/7
   910 | D:2      | Reached XP level 4. HP: 22/45 MP: 8/8
   919 | D:2      | HP: 7/45 [gnoll/+0 flail (5)]
   928 | D:1      | HP: 5/45 [gnoll/+0 flail (5)]
   929 | D:1      | HP: 1/38 [gnoll/+0 flail (4)]
  1112 | D:1      | HP: 4/32 [gnoll/+0 spear (4)]
  1355 | D:2      | Learned a level 2 spell: Momentum Strike
  2468 | D:3      | Learned a level 3 spell: Hailstorm
  2480 | D:3      | Found a faded altar of an unknown god.
  3016 | D:3      | Reached XP level 5. HP: 45/45 MP: 9/9
  3911 | D:4      | HP: 7/43 [poisoned by a scorpion]
  4322 | D:4      | Found a staircase to the Ecumenical Temple.
  4331 | Temple   | Entered the Ecumenical Temple
  4345 | Temple   | Became a worshipper of Vehumet
  4480 | D:5      | Entered Level 5 of the Dungeon
  4559 | D:5      | Noticed a black bear
  4566 | D:5      | Killed a black bear
  4567 | D:5      | Reached skill level 1 in Translocations
  4567 | D:5      | Reached XP level 6. HP: 41/56 MP: 10/10
  4573 | D:5      | Learned a level 5 spell: Freezing Cloud
  4874 | D:5      | Reached skill level 1 in Ice Magic
  4990 | D:5      | Found a runed translucent door.
  4991 | D:5      | Noticed Crazy Yiuf
  5599 | D:6      | Noticed a cyclops
  5612 | D:6      | Killed a cyclops
  5613 | D:6      | Reached XP level 7. HP: 43/69 MP: 5/11
  5614 | D:6      | Reached skill level 1 in Air Magic
  5920 | D:6      | Noticed a gargoyle
  6126 | D:5      | Killed Crazy Yiuf
  6338 | D:6      | Learned a level 1 spell: Magic Dart
  6383 | D:6      | HP: 5/70 [gargoyle/stone arrow (19)]
  6384 | D:6      | Slain by a gargoyle

Illustrated notes

Levels and vault maps discovered:
D:1:      dreamdust_arrival_beginning_and_end, layout_basic
D:2:      minmay_door_path, layout_loops_ring, minivault_27, uniq_natasha
D:3:      layout_loops_ring, shapermc_ecumenical_altar_venn,
          grunt_decor_arrowhead, mrwooster_statue_mirror,
          dreamdust_wishing_well, item_on_display_a
D:4:      layout_basic, minmay_temple_entry_poolview
D:5:      layout_loops_ring, uniq_crazy_yiuf_cottage
D:6:      layout_loops_cross, kb_rosetta
Temple:   minmay_freezing_vapour_temple

Skill      XL: |  1  2  3  4  5  6  7 |
---------------+----------------------+-----
Dodging        | 2 3 |  3.0
Fighting       | 3 4 |  4.0
Conjurations   | 3 4 |  4.5
Necromancy     | 1 2 |  2.0
Spellcasting   | 3 |  3.3
Translocations | 1 |  1.0
Ice Magic      | 1 2 |  2.8
Air Magic      | 1 |  1.6
Polearms       | 4 |  4.0

Action                   |  1- 3 |  4- 6 |  7- 9 || total
-------------------------+-------+-------+-------++-------
Melee: Spear             |    94 |   258 |    40 ||   392
       Punch             |       |     3 |     1 ||     4
Throw: Dart              |       |       |     6 ||     6
       Large rock        |       |       |     3 ||     3
 Cast: Kiss of Death     |     1 |     3 |       ||     4
       Momentum Strike   |       |    32 |     9 ||    41
       Magic Dart        |       |       |     4 ||     4
Evoke: Wand              |       |     3 |       ||     3
  Use: Potion            |       |     3 |     1 ||     4
       Scroll            |       |     8 |     1 ||     9
 Stab: Sleeping          |       |     2 |       ||     2
Armor: Robe              |    23 |    60 |     4 ||    87
       Skin              |       |     1 |       ||     1
Dodge: Dodged            |    24 |    88 |     9 ||   121

Table legend: (Time is in decaauts)
 A = Elapsed time spent in this place.
 B = Non-inter-level travel time spent in this place.
 C = Inter-level travel time spent in this place.
 D = Time resting spent in this place.
 E = Time spent auto-exploring this place.
 F = Levels seen in this place.
 G = Mean time per level.
                   A        B        C        D        E       F      G
               +--------+--------+--------+--------+--------+-----+--------+
         Total |   6365 |   6022 |    343 |   1788 |   3235 |   7 |  909.3 |
       Dungeon |   6346 |   6007 |    339 |   1788 |   3225 |   6 | 1057.7 |
        Temple |     19 |     15 |      4 |      0 |     10 |   1 |   19.0 |
               +--------+--------+--------+--------+--------+-----+--------+

Top non-repeatable levels by time:
     D:5: 1330 daAuts
     D:2: 1275 daAuts
     D:1: 1222 daAuts
     D:4: 1004 daAuts
     D:3: 949 daAuts
     D:6: 563 daAuts
  Temple: 19 daAuts
